 Dungeon Crawl Stone Soup version 0.19.0-9-gfd783f2 (webtiles) character file.

257 Gingerlord the Skirmisher (level 6, -8/49 HPs)
             Began as a Formicid Abyssal Knight on Nov 7, 2016.
             Was a Believer of Lugonu.
             Mangled by an ogre
             ... wielding a +0 giant club
              (24 damage)
             ... on level 4 of the Dungeon.
             The game lasted 00:11:11 (5250 turns).

Gingerlord the Skirmisher (Formicid Abyssal Knight) Turns: 5250, Time: 00:11:12

Health: -8/49      AC: 10    Str: 17    XL:     6   Next: 39%
Magic:  9/9        EV:  7    Int: 12    God:    Lugonu [**....]
Gold:   201        SH:  0    Dex: 11    Spells: 0 memorised, 5 levels left

rFire  . . .     SeeInvis +     j - -1 spear (curse)
rCold  . . .     Gourm    .     p - +0 chain mail
rNeg   . . .     Faith    .     (no shield)
rPois  .         Spirit   .     (helmet unavailable)
rElec  .         Reflect  .     (no cloak)
rCorr  .         Harm     .     (no gloves)
MR     .....                    l - +0 pair of boots
Stlth  ..........               (no amulet)
                                (no ring)
                                (no ring)

@: no status effects
A: permanent stasis, dig shafts and tunnels, four strong arms, antennae 3
a: Dig, Shaft Self, Depart the Abyss, Bend Space, Renounce Religion


You were on level 4 of the Dungeon.
You worshipped Lugonu.
Lugonu was pleased with you.
You were very hungry.

You visited 1 branch of the dungeon, and saw 4 of its levels.
You visited the Abyss 1 time.

You collected 201 gold pieces.

Inventory:

Hand Weapons
 a - a +2 falchion
 j - a cursed -1 spear (weapon)
Armour
 l - a +0 pair of boots (worn)
 p - a +0 chain mail (worn)
Scrolls
 g - 4 scrolls of identify
 t - a scroll of recharging
 u - a scroll of enchant weapon
Potions
 b - 2 potions of curing
 d - a potion of berserk rage
 h - 2 potions of flight
 i - a potion of heal wounds
 k - a potion of might {unknown}
 o - a potion of ambrosia {unknown}
 r - a potion of degeneration {unknown}
 s - a potion of lignification {unknown}
Comestibles
 c - 2 bread rations
 f - 3 meat rations
 m - a beef jerky
 n - 3 fruits
 q - a slice of pizza


   Skills:
 + Level 4.3 Fighting
 + Level 3.3 Long Blades
 + Level 3.9 Armour
 + Level 1.7 Dodging
 + Level 4.1 Invocations


You had 5 spell levels left.
You didn't know any spells.

Dungeon Overview and Level Annotations

Branches:
Dungeon (4/15)
 Temple: D:4-7

Altars:

Annotations:
D:3 pkoi's ghost, amateur DsGl


Innate Abilities, Weirdness & Mutations

You are under a permanent stasis effect.
You can dig through walls and to a lower floor.
Your four strong arms can wield two-handed weapons with a shield.
You have a pair of large antennae on your head. (SInv)


Message History

Your chain mail prevents you from hitting the ogre.
The ogre is moderately wounded.
The ogre hits you with a giant club!
Attack whom?
Press: ? - help, Dir - move target cursor, f/p - ogre
Aim: an ogre, wielding a giant club (moderately wounded)
Your chain mail prevents you from hitting the ogre.
The ogre is moderately wounded.
Found a stone staircase leading down.
You see here 18 arrows.
There is a stone staircase leading down here.
You open the door. The ogre hits you with a giant club!
There is an open door here.
As you read the scroll labeled QAYRIC UHUGRI, it crumbles to dust.
It is a scroll of recharging.
You aren't carrying any rechargeable items.
The ogre hits you with a giant club.
It was a potion of cure mutation.
It has a very clean taste.
The ogre hits you with a giant club!!
You die...

####
#.#
...#
#.#
...#
#.#
...###
#.#
<..'.#
#.#
...#.#
#.#
.....#
#.#
######
#O#
#@#
#.#
#.. {
####
.#


You could see an ogre.

Vanquished Creatures
  A howler monkey (D:4)
  Terence (D:2)
  2 gnolls (D:1)
  5 adders (D:2)
  An ooze (D:1)
  An adder skeleton (D:4)
  5 worms
  A dart slug (D:1)
  2 leopard geckos
  6 orcs
  2 ball pythons
  7 bats
  3 giant cockroaches
  15 goblins
  9 hobgoblins
  2 jackals (D:1)
  3 quokkas
  7 frilled lizards
  15 kobolds
  9 rats
97 creatures vanquished.

Notes
Turn   | Place    | Note
-------+----------+-------------------------------------------
     0 | Abyss:1  | Gingerlord the Formicid Abyssal Knight began the quest for the Orb.
     0 | Abyss:1  | Reached XP level 1. HP: 18/18 MP: 2/2
    40 | Abyss:1  | Noticed a quasit
    41 | D:1      | Escaped the Abyss
   156 | D:1      | Reached skill level 1 in Dodging
   171 | D:1      | Reached XP level 2. HP: 20/24 MP: 3/3
   250 | D:1      | Reached * piety under Lugonu
   250 | D:1      | Reached XP level 3. HP: 7/29 MP: 4/4
   736 | D:1      | Reached XP level 4. HP: 27/37 MP: 5/5
  1513 | D:2      | Reached ** piety under Lugonu
  2094 | D:2      | Reached XP level 5. HP: 25/42 MP: 7/7
  3532 | D:3      | Noticed pkoi's ghost (amateur DsGl)
  3583 | D:3      | Noticed Terence
  3659 | D:2      | Killed Terence
  3858 | D:2      | Reached XP level 6. HP: 20/48 MP: 8/8
  4985 | D:4      | Noticed an ogre
  5250 | D:4      | Mangled by an ogre

Skill      XL: |  1  2  3  4  5  6 |
---------------+-------------------+-----
Dodging        | 1 |  1.7
Armour         | 3 |  3.9
Fighting       | 4 |  4.3
Invocations    | 3 4 |  4.1
Long Blades    | 3 |  3.3

Action                   |  1- 3 |  4- 6 || total
-------------------------+-------+-------++-------
Melee: Falchion          |    84 |    66 ||   150
       Spear             |       |   428 ||   428
Invok: Depart the Abyss  |     1 |       ||     1
 Abil: Dig               |     7 |       ||     7
  Use: Potion            |     1 |     4 ||     5
       Scroll            |     1 |     7 ||     8
  Eat: Chunk             |       |     9 ||     9
       Meat ration       |       |     1 ||     1
Armor: Scale mail        |    31 |   157 ||   188
       Chain mail        |       |    94 ||    94
Dodge: Dodged            |    47 |   195 ||   242
       Rpst.: Falchion   |    15 |     6 ||    21
